 Dungeon Crawl Stone Soup version 0.31-a0-152-g6aa68a64a1 (webtiles) character file.

Game seed: 15236478722377698078

44 qw the Shield-Bearer (level 3, -1/23 HPs)
             Began as a Gargoyle Fighter on June 10, 2023.
             Killed by nerve-wracking pain
             ... invoked by an orc priest
              (4 damage)
             ... on level 2 of the Dungeon.
             The game lasted 00:00:33 (1252 turns).

qw the Shield-Bearer (Gargoyle Fighter)             Turns: 1252, Time: 00:00:34

Health: -1/23      AC: 12    Str: 21    XL:     3   Next: 60%
Magic:  3/3        EV:  6    Int:  8    God:
Gold:   51         SH: 12    Dex:  9    Spells: 2/2 levels left

rFire   . . .        a - +0 war axe
rCold   . . .        g - +0 tower shield
rNeg    + . .        b - +0 scale mail
rPois   inf          (no helmet)
rElec   +            (no cloak)
rCorr   .            i - +0 pair of gloves
SInv    .            h - +0 pair of boots
Will    .....        (no amulet) Stlth
                     (no ring)
HPRegen 0.23/turn    (no ring)
MPRegen 0.08/turn

%: no passive effects
@: slowed, very slow
A: sickness immunity, AC +3, negative energy resistance 1, electricity
resistance, torment resistance 1, petrification resistance
a: no special abilities


You were on level 2 of the Dungeon.
You visited 1 branch of the dungeon, and saw 2 of its levels.

You collected 51 gold pieces.


Innate Abilities, Weirdness & Mutations

You are immune to sickness and miasma.
Your stone body is resilient. (AC +3)
You are immune to poison.
You resist negative energy. (rN+)
You are resistant to electric shocks. (rElec)
You are resistant to unholy torment.
You are immune to petrification.


   Skills:
 - Level 3.2 Fighting
 - Level 2.6 Axes
 - Level 3.2 Armour
 + Level 4.3 Shields


You had 2 spell levels left.
You didn't know any spells.
Your spell library was empty.

Inventory:

Hand Weapons
 a - a +0 war axe (weapon)
 f - a +0 flail
Armour
 b - a +0 scale mail (worn)
 g - a +0 tower shield (worn)
 h - a +0 pair of boots (worn)
 i - a +0 pair of gloves (worn)
Scrolls
 j - 2 scrolls of vulnerability {unknown}
 k - a scroll of noise {unknown}
 l - 5 scrolls of identify {unknown}
 n - a scroll of enchant weapon {unknown}
Potions
 c - 2 potions of attraction {unknown}
 d - a potion of might
 e - a potion of mutation {unknown}
 m - a potion of lignification {unknown}

Dungeon Overview and Level Annotations

Branches:
Dungeon (2/15)

Altars:

Shops:
D:1 !

Annotations:
D:2 Jessica


Message History

You block the orc's attack. The orc hits you but does no damage.
You closely miss the orc.
The orc is almost dead.
The orc shouts!
You hit the orc. The orc hits you with a +0 hand axe.
You block the orc's attack.
You slash the orc!
You kill the orc!
You completely miss the orc. Jessica says, "Why did you come here?"
You block the orc's attack. The orc hits you but does no damage.
You slash the orc!
You kill the orc!
You hit the orc.
You kill the orc!
Jessica gestures at you while chanting.
You feel yourself slow down.
Jessica gestures wildly while chanting.
Jessica blinks!
Jessica points at you and mumbles some strange words.
Pain shoots through your body!
The orc priest hits you but does no damage.
There is an open door here.
Items here: % )) [.
You completely miss the orc priest. Jessica casts a spell at you.
Pain shoots through your body! You block the orc priest's attack.
Jessica gestures at you while chanting. Pain shoots through your body!
The orc priest closely misses you.
You hit the orc priest.
The orc priest is heavily wounded.
The orc priest barely misses you.
Jessica mumbles some strange words.
Jessica blinks!
The orc priest completely misses you. The orc priest barely misses you.
You closely miss the orc priest.
The orc priest is heavily wounded.
The orc priest calls down the wrath of Beogh upon you.
Pain shoots through your body!
You die...

###.# #........# ###.#
########.##### .<#.#
#.#...#
###.##########'#...#
#.#..............+
#.#........ยค.@...#
#.#...........#### .
#.#...........####....
#............)@oo..:..
###...........####....
#...........# .
#############


You could see an orc priest, Jessica and an orc.

Vanquished Creatures
  2 adders (D:2)
  3 orcs (D:2)
  2 ball pythons
  An endoplasm (D:1)
  A giant cockroach (D:1)
  3 hobgoblins
  3 kobolds
  A quokka (D:1)
  3 goblins
  4 rats (D:2)
23 creatures vanquished.

Notes
Turn   | Place    | Note
-------+----------+-------------------------------------------
     0 | D:1      | qw the Gargoyle Fighter began the quest for the Orb.
     0 | D:1      | Reached XP level 1. HP: 14/14 MP: 1/1
     0 | D:1      | 0 ||| qw: Version: 0.2-a-123-gb51047a
     0 | D:1      | 0 ||| qw: Game counter: 3802
     0 | D:1      | 0 ||| qw: Always use a shield: true
     0 | D:1      | 0 ||| qw: God list: Okawaru
     0 | D:1      | 0 ||| qw: Allow faded altars: false
     0 | D:1      | 0 ||| qw: Do Orc after D:15 true
     0 | D:1      | 0 ||| qw: Do second Lair branch before Depths: true
     0 | D:1      | 0 ||| qw: Lair rune preference: random
     0 | D:1      | 0 ||| qw: Plans: Normal, Zot:1-4, Slime:5, God:TSO, Crypt,
                  | Tomb, Abyss, Pan, Hells, Win
     0 | D:1      | 0 ||| PLANNING D:1-11
   102 | D:1      | Found a faded altar of an unknown god.
   200 | D:1      | Reached XP level 2. HP: 19/19 MP: 2/2
   293 | D:1      | Found Noawuqu's Distillery.
   299 | D:1      | 299 ||| SHOPLISTING potion of attraction (36 gold, have
                  | 29).
   299 | D:1      | 299 ||| SHOPLISTING potion of curing (36 gold, have 29).
   299 | D:1      | 299 ||| SHOPLISTING potion of haste (120 gold, have 29).
   299 | D:1      | 299 ||| SHOPLISTING potion of mutation (96 gold, have 29).
   522 | D:1      | 522 ||| UPGRADING to +0 tower shield.
   532 | D:1      | 532 ||| DROPPING +0 buckler.
   533 | D:1      | 533 ||| UPGRADING to +0 pair of boots.
   538 | D:1      | 538 ||| UPGRADING to +0 pair of gloves.
   626 | D:2      | 626 ||| Stepping ~*~*~tactically~*~*~ (stealth).
   746 | D:2      | 746 ||| Stepping ~*~*~tactically~*~*~ (stealth).
   761 | D:2      | Reached XP level 3. HP: 23/23 MP: 3/3
   861 | D:2      | Reached skill level 4 in Shields
  1235 | D:2      | Noticed Jessica
  1236 | D:2      | 1236 ||| Stepping ~*~*~tactically~*~*~ (stealth).
  1250 | D:2      | HP: 2/23 [Jessica/nerve-wracking pain (4)]
  1252 | D:2      | Killed from afar by an orc priest

Levels and vault maps discovered:
D:1:      lemuel_arrival_room, layout_rooms, shapermc_ecumenical_altar_gd,
          serial_shops, nicolae_shop_getting_attention, minmay_3d_cube
D:2:      layout_basic, hangedman_abyss_or_decor_stabs, st_stairs_13,
          bh_walls_and_bars, uniq_jessica

Skill      XL: |  1  2  3 |
---------------+----------+-----
Axes           | 2 |  2.6
Shields        | 4 |  4.3
Fighting       | |  3.2
Armour         | |  3.2

Action                     || total
---------------------------++-------
  Melee: War axe           ||    63
 Armour: Scale mail        ||    28
  Dodge: Dodged            ||    17
  Block: Buckler           ||     4
         Tower shield      ||    19

Table legend:
 A = Non-vault XP
 B = Vault XP
 C = Vault XP percentage of total XP
 D = Non-vault monster count
 E = Vault monster count
 F = Vault count percentage of total count
                 A         B        C        D         E       F
            +---------+---------+-------+---------+---------+-------
      Total |      55 |       8 |  12.7 |      18 |       5 |  21.7
            +---------+---------+-------+---------+---------+-------
        D:1 |      11 |       7 |  38.9 |       6 |       4 |  40.0
        D:2 |      44 |       1 |   2.2 |      12 |       1 |   7.7
            +---------+---------+-------+---------+---------+-------
